 Dungeon Crawl Stone Soup version 0.29-a0-700-g2f1814c (webtiles) character file.

Game seed: 12777947027108199455

859 PurpleRed the Thaumaturge (level 7, 0/39 HPs)
             Began as a Deep Elf Brigand on June 25, 2022.
             Slain by Eustachio
             ... wielding a +2 falchion of flaming
              (1 damage)
             ... on level 5 of the Dungeon.
             The game lasted 00:19:15 (1614 turns).

PurpleRed the Thaumaturge (Deep Elf Brigand)        Turns: 1614, Time: 00:19:16

Health: 0/39       AC:  4    Str:  8    XL:     7   Next: 71%
Magic:  12/20      EV: 12    Int: 18    God:
Gold:   156        SH:  0    Dex: 16    Spells: 13/22 levels left

rFire   . . .      SeeInvis .   a - +2 dagger (freeze)
rCold   . . .      Faith    .   (no shield)
rNeg    . . .      Spirit   .   b - +0 robe
rPois   .          Reflect  .   (no helmet)
rElec   .          Harm     .   c - +0 cloak
rCorr   .          Rampage  .   i - +0 pair of gloves
Will    .....                   (no boots)
Stlth   +++.......              (no amulet)
HPRegen 0.13/turn               (no ring)
MPRegen 0.17/turn               (no ring)

@: freezing walls
A: no striking features
a: no special abilities


You were on level 5 of the Dungeon.
You visited 1 branch of the dungeon, and saw 5 of its levels.

You collected 156 gold pieces.

Inventory:

Hand Weapons
 a - a +2 dagger of freezing (weapon)
 k - a +2 whip of freezing
 m - a +0 hunting sling
 s - a +0 shortbow
Missiles
 d - 8 poisoned darts (quivered)
 e - 2 curare-tipped darts
 n - 6 boomerangs
Armour
 b - a +0 robe (worn)
 c - a +0 cloak (worn)
 f - a +0 ring mail
 i - a +0 pair of gloves (worn)
 l - a +2 leather armour of positive energy
 p - a +0 leather armour
Wands
 h - a wand of iceblast (5)
 o - a wand of mindburst (8)
Potions
 g - a potion of haste
 j - a potion of brilliance
 q - a potion of attraction


   Skills:
 - Level 1.9 Fighting
 - Level 2.0 Short Blades
 - Level 2.0 Throwing
 - Level 1.2 Dodging
 - Level 4.8 Stealth
 + Level 8.0 Spellcasting
 - Level 0.2 Necromancy
 + Level 6.4 Ice Magic


You had 13 spell levels left.
You knew the following spells:

 Your Spells              Type           Power      Damage    Failure   Level
a - Sandblast             Erth           14%        2d6       10%         1
b - Freeze                Ice            100%       1d11      1%          1
c - Frozen Ramparts       Ice            60%        1d8       2%          3
d - Necrotize             Necr           32%        1d5       9%          1
e - Stone Arrow           Conj/Erth      14%        3d7       28%         3

Your spell library contained the following spells:

 Spells                   Type           Power      Damage    Failure   Level
 Summon Small Mammal      Summ           28%        N/A       10%         1
 Passwall                 Tmut/Erth      5%         N/A       14%         2
 Vampiric Draining        Necr           8%         2d6       26%         3
 Hailstorm                Conj/Ice       18%        3d6       26%         4
 Call Canine Familiar     Summ           7%         N/A       28%         3
 Summon Guardian Golem    Hex/Summ       7%         N/A       28%         3
 Agony                    Necr           8%         N/A       94%         5


Dungeon Overview and Level Annotations

Branches:
Dungeon (5/15)
 Temple: D:4-7

Altars:
Fedhas
The Shining One

Annotations:
D:5 Eustachio, Grinder


Message History

A stone staircase leading up.
The walls around you are covered in ice.
The wall freezes Eustachio.
Eustachio casts a spell.
Okay, then.
You aren't carrying any scrolls.
Unknown command.
Throw: 4 darts (curare)
Press: ? - help, Shift-Dir - straight line, f - Eustachio
Aim: Eustachio, wielding a +2 falchion of flaming and wearing a +0 leather armour (lightly wounded, 50% to hit)
You throw a curare-tipped dart.
The curare-tipped dart closely misses Eustachio.
The curare-tipped dart hits the white imp.
Grinder blinks!
The wall freezes Eustachio!
Eustachio barely misses you.
Throw: 3 darts (curare)
Press: ? - help, Shift-Dir - straight line, f/p - Eustachio
Aim: Eustachio, wielding a +2 falchion of flaming and wearing a +0 leather armour (moderately wounded, 50% to hit)
You throw a curare-tipped dart. The curare-tipped dart hits Eustachio.
Eustachio is poisoned.
Eustachio convulses.
Eustachio seems to slow down.
Eustachio is moderately wounded.
The crimson imp is frozen!
The wall freezes the crimson imp.
Casting: Frozen Ramparts (dangerous; 2% risk of failure)
Confirm with . or Enter, or press ? or * to list all spells.
Aiming: Sandblast (safe; 10% risk of failure)
Press: ? - help, Shift-Dir - straight line, f/p - Eustachio
Aim: Eustachio, wielding a +2 falchion of flaming and wearing a +0 leather armour (moderately wounded, very poisoned, slow, 69% to hit)
The blast of sand hits Eustachio.
Eustachio is moderately wounded.
The white imp completely resists.
The wall freezes the white imp but does no damage.
The wall freezes Eustachio!
Eustachio closely misses you.
The white imp completely resists.
The wall freezes the white imp but does no damage.
The crimson imp is frozen!
The wall freezes the crimson imp.
The wall freezes Eustachio.
Eustachio hits you with a +2 falchion of flaming!
* * * LOW HITPOINT WARNING * * *
Eustachio burns you.
You die...

###
#@#
#@#
#5#
#5#
..#
...
ยง..
#...


You could see Eustachio (very poisoned, slow), a crimson imp (summoned) and a
white imp (summoned).

Vanquished Creatures
  Pikel (D:4)
  Duvessa (D:4)
  A lemure (D:4)
  Dowan (D:4)
  2 hounds
  3 gnolls
  3 adders
  A worm (D:3)
  A dart slug (D:5)
  4 orcs (D:3)
  5 endoplasms
  3 giant cockroaches
  A goblin (D:1)
  A hobgoblin (D:1)
  3 jackals (D:3)
  3 quokkas (D:1)
  2 ball pythons (D:4)
  2 bats
  3 frilled lizards
  2 kobolds
  4 rats
47 creatures vanquished.

Vanquished Creatures (collateral kills)
  A black bear (D:4)
  A worm (D:4)
  2 goblins (D:4)
4 creatures vanquished.

Grand Total: 51 creatures vanquished

Notes
Turn   | Place    | Note
-------+----------+-------------------------------------------
     0 | D:1      | PurpleRed the Deep Elf Brigand began the quest for the Orb.
     0 | D:1      | Reached XP level 1. HP: 12/12 MP: 3/3
   106 | D:1      | Found a faded altar of an unknown god.
   114 | D:1      | Reached skill level 1 in Spellcasting
   293 | D:1      | Reached XP level 2. HP: 15/17 MP: 6/6
   308 | D:1      | Learned a level 1 spell: Necrotize
   408 | D:2      | Learned a level 1 spell: Freeze
   514 | D:2      | Reached skill level 2 in Spellcasting
   514 | D:2      | Reached skill level 1 in Ice Magic
   545 | D:3      | Reached XP level 3. HP: 21/21 MP: 8/8
   549 | D:3      | Learned a level 3 spell: Frozen Ramparts
   639 | D:3      | Found a blossoming altar of Fedhas.
   793 | D:3      | Reached skill level 3 in Spellcasting
   974 | D:3      | Reached XP level 4. HP: 14/26 MP: 11/11
  1075 | D:4      | Found a glowing golden altar of the Shining One.
  1075 | D:4      | Noticed Duvessa
  1099 | D:4      | Learned a level 1 spell: Sandblast
  1103 | D:4      | Learned a level 3 spell: Stone Arrow
  1189 | D:4      | Noticed a black bear
  1199 | D:4      | Killed a black bear
  1200 | D:4      | Reached skill level 4 in Spellcasting
  1200 | D:4      | Reached XP level 5. HP: 26/30 MP: 12/14
  1246 | D:5      | Entered Level 5 of the Dungeon
  1251 | D:5      | Reached skill level 5 in Spellcasting
  1360 | D:4      | Noticed Dowan
  1418 | D:4      | Killed Dowan
  1419 | D:4      | Reached XP level 6. HP: 25/35 MP: 9/16
  1449 | D:4      | Noticed Pikel
  1449 | D:4      | Killed Duvessa
  1450 | D:4      | Reached skill level 6 in Spellcasting
  1461 | D:4      | Killed Pikel
  1462 | D:4      | Reached skill level 7 in Spellcasting
  1462 | D:4      | Reached XP level 7. HP: 10/39 MP: 0/20
  1591 | D:4      | Reached skill level 8 in Spellcasting
  1610 | D:5      | Noticed Eustachio
  1610 | D:5      | Noticed Grinder
  1614 | D:5      | HP: 1/39 [Eustachio/+2 falchion of flaming (10)]
  1614 | D:5      | Slain by Eustachio

Illustrated notes

Levels and vault maps discovered:
D:1:      dpeg_arrival_round_c, layout_loops_corners,
          hellmonk_ecumenical_altar_slurped_away
D:2:      layout_loops_corners
D:3:      layout_basic, mainiacjoe_overflow_alcove_1
D:4:      layout_basic, mainiacjoe_overflow_brackets, minmay_temple_entry_fiery,
          serial_co_window_serial, co_window_of_opportunity_a,
          co_window_paths_a, co_window_corner_a, co_window_of_opportunity_a,
          co_window_corner_a, co_window_corner_b, co_window_broadway_b,
          co_window_cross_3, co_window_of_opportunity_b, co_window_corner_b,
          co_window_4corner_a, kennysheep_generic_room_2, uniq_pikel,
          uniq_duvessa
D:5:      layout_basic, zin_academy, nicolae_overflow_squiral,
          nicolae_fountain_basement, uniq_grinder, uniq_eustachio, uniq_sigmund

Skill      XL: |  1  2  3  4  5  6  7 |
---------------+----------------------+-----
Spellcasting   | 1 2 3 4 5 7 8 |  8.0
Ice Magic      | 1 2 3 4 6 |  6.4
Fighting       | |  1.9
Short Blades   | |  2.0
Throwing       | |  2.0
Dodging        | |  1.2
Stealth        | |  4.8
Necromancy     | |  0.2

Action                   |  1- 3 |  4- 6 |  7- 9 || total
-------------------------+-------+-------+-------++-------
Melee: Dagger            |    71 |    12 |     4 ||    87
       Punch             |     1 |       |       ||     1
 Fire: Shortbow          |       |       |     3 ||     3
Throw: Dart              |    20 |    17 |     2 ||    39
 Cast: Necrotize         |     4 |       |       ||     4
       Freeze            |     6 |     4 |       ||    10
       Sandblast         |       |     9 |     3 ||    12
       Frozen Ramparts   |       |     3 |     3 ||     6
  Use: Scroll            |     3 |     8 |       ||    11
       Potion            |       |     3 |       ||     3
 Stab: Sleeping          |     7 |     2 |       ||     9
Armor: Ring mail         |    11 |       |       ||    11
       Robe              |     5 |       |       ||     5
       Skin              |       |    19 |       ||    19
Dodge: Dodged            |    24 |     8 |     4 ||    36

Table legend: (Time is in decaauts)
 A = Elapsed time spent in this place.
 B = Non-inter-level travel time spent in this place.
 C = Inter-level travel time spent in this place.
 D = Time resting spent in this place.
 E = Time spent auto-exploring this place.
 F = Levels seen in this place.
 G = Mean time per level.
                   A        B        C        D        E       F      G
               +--------+--------+--------+--------+--------+-----+--------+
         Total |   1597 |   1597 |      0 |     10 |      0 |   5 |  319.4 |
       Dungeon |   1597 |   1597 |      0 |     10 |      0 |   5 |  319.4 |
               +--------+--------+--------+--------+--------+-----+--------+

Top non-repeatable levels by time:
     D:4: 511 daAuts
     D:3: 501 daAuts
     D:1: 324 daAuts
     D:2: 224 daAuts
     D:5: 35 daAuts
